 Dungeon Crawl Stone Soup version 0.29.1-12-g30fa7ad0bf (webtiles) character file.

Game seed: 10860657203668848318

10015 RapScallion the Spear-Bearer (level 11, 0/84 HPs)
             Began as a Human Fighter on Jan 15, 2023.
             Was a Believer of Uskayaw.
             Slain by a wolf (9 damage)
             ... on level 11 of the Dungeon on Jan 16, 2023.
             The game lasted 01:26:41 (12522 turns).

RapScallion the Spear-Bearer (Human Fighter)       Turns: 12522, Time: 01:26:42

Health: 0/84       AC: 13    Str: 19    XL:     11   Next: 85%
Magic:  11/11      EV: 14    Int:  8    God:    Uskayaw [**....]
Gold:   246        SH:  5    Dex: 15    Spells: 10/10 levels left

rFire   + + .      SeeInvis +   a - +9 lance "Wyrmbane" {slay drac, rPois rF+ rC+ AC+3}
rCold   + . .      Faith    .   c - +0 buckler
rNeg    . . .      Spirit   .   v - +1 leather armour of the Albatross {+Inv rF+ Will+}
rPois   +          Reflect  .   (no helmet)
rElec   .          Harm     .   K - +1 cloak {Will+}
rCorr   .          Rampage  .   i - +1 pair of gloves
Will    +++..                   L - +0 pair of boots
Stlth   ++++......              z - amulet of the acrobat
HPRegen 0.24/turn               k - ring of see invisible
MPRegen 0.12/turn               I - ring of willpower

@: about to teleport, invisible
A: no striking features
a: Renounce Religion, Evoke Invisibility, Stomp, Line Pass


You were on level 11 of the Dungeon.
You worshipped Uskayaw.
Uskayaw was noncommittal.
You visited 1 branch of the dungeon, and saw 11 of its levels.

You collected 567 gold pieces.
You spent 321 gold pieces at shops.

Inventory:

Hand Weapons
 a - the +9 lance "Wyrmbane" (weapon) {slay drac, rPois rF+ rC+ AC+3}
   (You took it off Maggie on level 6 of the Dungeon)

   It inflicts extra damage against dragons and draconians.
   AC:        It affects your AC (+3).
   rF:        It protects you from fire.
   rC:        It protects you from cold.
   rPois:     It protects you from poison.
 d - a +3 scimitar of pain
 f - a +7 long sword of protection
 F - a +4 vorpal trident
 J - a +5 falchion
Missiles
 n - 39 poisoned darts (quivered)
 s - 2 javelins
 y - a throwing net
Armour
 b - +0 swamp dragon scales
 c - a +0 buckler (worn)
 i - a +1 pair of gloves (worn)
 v - the +1 leather armour of the Albatross (worn) {+Inv rF+ Will+}
   (You found it on level 4 of the Dungeon)

   rF:        It protects you from fire.
   +Inv:      It lets you turn invisible.
   Will:      It increases your willpower.
 K - a +1 cloak of willpower (worn)
 L - a +0 pair of boots (worn)
 M - a +2 leather armour of fire resistance
Jewellery
 k - a ring of see invisible (left hand)
 l - a +4 ring of evasion
 r - an amulet of guardian spirit
 t - a ring of positive energy
 z - an amulet of the acrobat (around neck)
 I - a ring of willpower (right hand)
Wands
 q - a wand of roots (12)
 w - a wand of acid (7)
 x - a wand of polymorph (13)
 D - a wand of flame (17)
Scrolls
 e - a scroll of magic mapping
 A - 3 scrolls of teleportation
 G - a scroll of butterflies
 N - a scroll of poison
Potions
 g - 3 potions of cancellation
 h - a potion of resistance
 j - a potion of haste
 m - 4 potions of flight
 o - 2 potions of curing
 p - a potion of brilliance
 u - a potion of mutation
 C - 2 potions of lignification
 H - a potion of invisibility
 P - a potion of ambrosia {unknown}


   Skills:
 + Level 7.1 Fighting
 + Level 7.8 Long Blades
 + Level 9.2 Polearms
 + Level 5.8 Armour
 + Level 5.7 Dodging
 + Level 8.0 Stealth
 + Level 5.7 Shields


You had 10 spell levels left.
You didn't know any spells.
Your spell library contained the following spells:

 Spells                   Type           Power      Damage    Failure   Level
 Sting                    Tmut/Pois      0%         1d3       54%         1
 Sublimation of Blood     Necr           0%         N/A       69%         2
 Wereblood                Tmut           0%         N/A       69%         2
 Inner Flame              Hex/Fire       0%         N/A       89%         3
 Cause Fear               Hex            0%         N/A       100%        4
 Summon Hydra             Summ           0%         N/A       100%        7
 Discord                  Hex            0%         N/A       100%        8


Dungeon Overview and Level Annotations

Branches:
Dungeon (11/15)            Temple (0/1) D:6            Lair (0/5) D:11
    Orc: D:9-12

Altars:
Ashenzari
Cheibriados
Dithmenos
Elyvilon
Kikubaaqudgha
Makhleb
Okawaru
Ru
Uskayaw
Vehumet
Wu Jian
Xom
Yredelemnul
Zin

Shops:
D:3 ?   D:5 *(?*   D:8 *(:=   D:10 *

Annotations:
D:5 2 transporters, Xeneth's ghost, novice MiMo
D:8 5 transporters


Message History

The bolt of electricity misses you. The hound completely misses you.
The wolf completely misses you.
As you read the scroll of teleportation, it crumbles to dust.
You feel strangely unstable. The wolf barely misses you.
The wolf bites you but does no damage.
The electric eel shoots out a bolt of lightning at your butterfly!
The bolt of electricity hits your butterfly!
Your butterfly dies!
Your butterfly disappears in a burst of colours!
The hound bites you but does no damage. The hound misses your butterfly.
You block the wolf's attack. The wolf closely misses you.
You can no longer pass through a line of other dancers.
You hit the wolf.
The wolf is moderately wounded.
You block the hound's attack. The wolf closely misses you. The wolf bites you.
* * * LOW HITPOINT WARNING * * *
The hound barely misses you.
You can now pass through a line of other dancers.
You hit the wolf but do no damage.
The wolf is moderately wounded.
The wolf bites you but does no damage. x2
The electric eel shoots out a bolt of lightning at you!
The bolt of electricity misses you. The hound barely misses you.
You barely miss the wolf.
The wolf is moderately wounded.
You block the wolf's attack. The wolf bites you but does no damage.
The hound barely misses you.
The electric eel shoots out a bolt of lightning at you!
The bolt of electricity hits you.
* * * LOW HITPOINT WARNING * * *
You hit the wolf.
The wolf is heavily wounded.
The wolf bites you but does no damage.
The wolf stops to sniff the water.
The wolf barely misses you. The hound bites you but does no damage.
You block the wolf's attack.
You puncture the wolf!
The wolf is almost dead.
The wolf bites you!
You die...

#.#####.# ..#
#.#
#.............
#.#
#.!...........
..#
#..~b..~~.~.~.
..#
#...~.~≈~.~.~~
..
#..~~~~~~.~.~≈
#...b~b≈~.~~~≈
#..~hhS≈~.~~≈≈
#...~≈@≈~.~≈≈~
##..~~hh~..S~≈
#.≈S≈≈.b.~.~≈
#≈≈≈≈b~....~≈
#≈≈≈≈≈~.....~
#≈≈≈≈≈~.>.~.~
#≈≈≈≈~≈....~~
#≈≈≈≈≈.~.~.~~
.~~~~~≈≈~~~≈


You could see 2 wolves, 2 hounds and 3 electric eels.

Vanquished Creatures
  Fannar (D:11)
  Pikel (D:6)
  An ugly thing (D:8)
  Maggie (D:6)
  3 gargoyles (D:7)
  Psyche (D:8)
  A kobold demonologist (D:9)
  A troll (D:9)
  A hornet (D:7)
  6 yaks (D:10)
  4 wyverns
  2 acid dragons
  4 water moccasins (D:7)
  4 orc warriors
  2 ice beasts
  3 sky beasts
  3 black bears
  2 ogres (D:7)
  3 centaurs
  4 lemures
  4 kobold brigands
  5 bullfrogs
  2 necrophages
  2 gnoll sergeants
  5 scorpions
  6 wights (D:7)
  3 killer bees (D:7)
  3 howler monkeys (D:7)
  8 hounds
  5 orc priests
  A jelly (D:5)
  A gnoll bouda (D:5)
  9 orc wizards
  4 iguanas
  14 gnolls
  9 adders
  A shadow imp (D:8)
  A white imp (D:6)
  2 ufetubi
  A worm (D:3)
  6 dart slugs
  30 orcs
  7 bats
  6 endoplasms
  3 giant cockroaches
  10 goblins
  5 hobgoblins
  7 jackals (D:4)
  A quokka (D:1)
  12 ball pythons
  5 frilled lizards
  26 kobolds
  8 rats
260 creatures vanquished.

Vanquished Creatures (others)
  A quokka (D:10)
  5 fungi
  25 plants
31 creatures vanquished.

Grand Total: 291 creatures vanquished

Notes
Turn   | Place    | Note
-------+----------+-------------------------------------------
     0 | D:1      | RapScallion the Human Fighter began the quest for the Orb.
     0 | D:1      | Reached XP level 1. HP: 18/18 MP: 1/1
    59 | D:1      | Reached XP level 2. HP: 24/24 MP: 2/2
   726 | D:1      | Reached XP level 3. HP: 29/29 MP: 3/3
  1005 | D:2      | Found a hide-covered altar of Uskayaw.
  1013 | D:2      | Became a worshipper of Uskayaw the Reveller
  1078 | D:2      | Reached * piety under Uskayaw
  1080 | D:2      | Reached ** piety under Uskayaw
  1388 | D:2      | Reached XP level 4. HP: 31/35 MP: 4/4
  1815 | D:2      | Found a faded altar of an unknown god.
  1823 | D:2      | Got Plato's Tome of Sculpting
  2081 | D:2      | Identified a scroll of acquirement
  2081 | D:2      | Acquired a +4 long sword of protection
  2260 | D:3      | Reached XP level 5. HP: 37/41 MP: 1/5
  2260 | D:3      | Reached *** piety under Uskayaw
  2575 | D:3      | Found an ancient bone altar of Kikubaaqudgha.
  2662 | D:3      | Reached skill level 1 in Dodging
  2782 | D:3      | Found Wonessui's Magic Scroll Shop.
  2789 | D:3      | Reached XP level 6. HP: 44/47 MP: 6/6
  2961 | D:3      | Bought a scroll of enchant weapon for 82 gold pieces
  2961 | D:3      | Bought a scroll of identify for 22 gold pieces
  3070 | D:4      | Reached skill level 1 in Stealth
  3195 | D:4      | Found a shimmering altar of Xom.
  3195 | D:4      | Found a shadowy altar of Dithmenos.
  3264 | D:4      | Identified the +1 leather armour of the Albatross {+Inv rF+
                  | Will+}
  3525 | D:4      | Reached XP level 7. HP: 53/53 MP: 7/7
  3587 | D:4      | Reached skill level 5 in Long Blades
  4464 | D:5      | Entered Level 5 of the Dungeon
  4738 | D:5      | Found Museng's Magic Scroll Shop.
  4742 | D:5      | Found Qakouf Ceonk's Assorted Antiques.
  4742 | D:5      | Found Vurgh's General Store.
  4743 | D:5      | Found Syfiz's Antique Weapon Shop.
  5065 | D:5      | Found a sacrificial altar of Ru.
  5101 | D:5      | Noticed a small abomination
  5101 | D:5      | Noticed Xeneth's ghost (novice MiMo)
  5119 | D:5      | Found a transporter.
  5128 | D:5      | Noticed a small abomination
  5135 | D:5      | Found a transporter.
  5219 | D:5      | Found an iron altar of Okawaru.
  5250 | D:5      | Reached XP level 8. HP: 45/60 MP: 5/8
  5296 | D:5      | Found a snail-covered altar of Cheibriados.
  5381 | D:5      | Reached **** piety under Uskayaw
  5798 | D:6      | Noticed Pikel
  5863 | D:6      | Noticed Maggie
  5903 | D:6      | Killed Maggie
  6308 | D:6      | Reached XP level 9. HP: 67/67 MP: 9/9
  6334 | D:6      | Reached skill level 5 in Fighting
  6334 | D:6      | Reached ***** piety under Uskayaw
  6553 | D:6      | Killed Pikel
  6554 | D:6      | Reached skill level 2 in Polearms
  6857 | D:6      | Found a staircase to the Ecumenical Temple.
  6994 | D:7      | Reached skill level 3 in Polearms
  7054 | D:7      | Reached skill level 4 in Polearms
  7054 | D:7      | Reached skill level 5 in Stealth
  7062 | D:7      | Reached skill level 5 in Armour
  7062 | D:7      | Reached XP level 10. HP: 23/74 MP: 10/10
  7660 | D:7      | Reached skill level 5 in Polearms
  7890 | D:7      | Reached skill level 6 in Polearms
  7928 | D:7      | Reached skill level 5 in Shields
  7963 | D:7      | Noticed a gargoyle
  7971 | D:7      | Killed a gargoyle
  8100 | D:7      | Noticed a gargoyle
  8124 | D:7      | Killed a gargoyle
  8125 | D:7      | Reached skill level 5 in Dodging
  8539 | D:7      | Noticed a gargoyle
  8556 | D:7      | Killed a gargoyle
  8557 | D:7      | Reached skill level 7 in Polearms
  8866 | D:7      | Found a broken altar of Ashenzari.
  9120 | D:8      | Reached XP level 11. HP: 81/81 MP: 11/11
  9178 | D:8      | Found Abrauz's Jewellery Shop.
  9244 | D:8      | Noticed Psyche
  9302 | D:8      | Found Iritt's Book Emporium.
  9307 | D:8      | Found Masat's Antique Weapon Shop.
  9471 | D:8      | Killed Psyche
  9584 | D:8      | Found a transporter.
  9594 | D:8      | Found a transporter.
  9640 | D:8      | Noticed a cyan ugly thing
  9641 | D:8      | Found a basalt altar of Yredelemnul.
  9685 | D:8      | Killed a cyan ugly thing
  9686 | D:8      | Reached skill level 8 in Polearms
 10153 | D:8      | Found Lewkull's Assorted Antiques.
 10157 | D:8      | Bought a glowing cloak for 217 gold pieces
 10186 | D:8      | Found a transporter.
 10193 | D:8      | Found a transporter.
 10237 | D:8      | Found a transporter.
 10255 | D:8      | Found a transporter.
 10294 | D:9      | Found a radiant altar of Vehumet.
 10869 | D:9      | Found a burning altar of Makhleb.
 11394 | D:9      | Found an ornate altar of the Wu Jian Council.
 11507 | D:10     | Entered Level 10 of the Dungeon
 11571 | D:10     | Found Zin's Purification Station.
 11573 | D:10     | Found a glowing silver altar of Zin.
 12189 | D:10     | Found a white marble altar of Elyvilon.
 12289 | D:11     | Reached skill level 9 in Polearms
 12301 | D:11     | Noticed Fannar
 12329 | D:11     | Killed Fannar
 12513 | D:11     | Found a staircase to the Lair.
 12522 | D:11     | Slain by a wolf

Illustrated notes

Levels and vault maps discovered:
D:1:      lemuel_arrival_broad_hall, layout_loops_ring
D:2:      layout_loops_ring, basic_altar, shapermc_ecumenical_altar_rom_forum,
          minmay_pentomino_q4
D:3:      layout_loops_ring, mainiacjoe_overflow_concentric_impassable,
          serial_shops, shop
D:4:      layout_layer_cave, chequers_temple_overflow_statue_of_worship,
          serial_glass, glass_columns_a, glass_columns_a
D:5:      layout_loops_ring, mainiacjoe_overflow_cross_hatched,
          nicolae_ru_the_path_less_chosen, okawaru_metal_pillars_1_2,
          gammafunk_ghost_abyssal_escape, minivault_19, grunt_ministairs_8,
          st_stairs_9, corexii_checkpoint_a, minmay_shop_grid_forest
D:6:      layout_cave_pools, minmay_temple_entry_hall, serial_column_ruins,
          column_ruins_hut, column_ruins_hut, column_ruins_open_medium,
          column_ruins_open_small, column_ruins_open_small, uniq_pikel,
          uniq_maggie
D:7:      nzn_winding_woodlands_cross [nzn_winding_woodlands_5x15_twine,
          nzn_winding_woodlands_5x15_parted,
          nzn_winding_woodlands_5x15_lazy_stream,
          nzn_winding_woodlands_5x15_pockets,
          nzn_winding_woodlands_15x15_boxy_spiral], layout_loops_cross,
          lemuel_crystal_altar, hex_tiny, minmay_misc_feat_hallway
D:8:      layout_basic, mainiacjoe_overflow_alcove_4, serial_shops, shop,
          nicolae_shop_crystal, shop, shop, serial_nicolae_subway,
          nicolae_sub_station_stone, nicolae_sub_station_crystal,
          nicolae_sub_station_metal, uniq_psyche
D:9:      layout_loops_cross, kennysheep_little_box, vehumet_altar_wand_db,
          lemuel_coloured_pillars_altar, kennysheep_generic_room_2
D:10:     layout_basic, zin_purify, elyvilon_altar_4, minmay_misc_feat_diagonals
D:11:     layout_loops_ring, erik_lair_island, david_orc_5,
          portal_ice_cave_entry_animals_and_master, serial_bayou_lagoon_a,
          uniq_erica, uniq_fannar

Skill      XL: |  1  2  3  4  5  6  7  8  9 10 11 |
---------------+----------------------------------+-----
Long Blades    | 3 4 6 7 |  7.8
Dodging        | 1 2 3 4 5 |  5.7
Stealth        | 1 2 5 6 8 |  8.0
Armour         | 4 5 |  5.8
Fighting       | 4 5 6 7 |  7.1
Shields        | 4 5 |  5.7
Polearms       | 4 7 9 |  9.2

Action                   |  1- 3 |  4- 6 |  7- 9 | 10-12 || total
-------------------------+-------+-------+-------+-------++-------
Melee: Long sword        |    89 |   146 |   142 |       ||   377
       Lance             |       |       |    94 |   445 ||   539
  Use: Scroll            |       |    13 |     5 |    12 ||    30
       Potion            |       |     2 |     1 |     8 ||    11
 Stab: Sleeping          |       |       |     4 |    10 ||    14
       Paralysed         |       |       |    12 |    18 ||    30
       Distracted        |       |       |     1 |     3 ||     4
Armor: Scale mail        |    55 |    64 |       |       ||   119
       Leather armour    |       |     4 |    80 |    75 ||   159
Dodge: Dodged            |    43 |    61 |   135 |   165 ||   404
Block: Buckler           |    23 |    33 |    49 |    66 ||   171
